 Dungeon Crawl Stone Soup version 0.30-a0-360-g447f08457e (webtiles) character file.

Game seed: 15264216122384487795

6792 pokeman the Thaumaturge (level 10, -7/56 HPs)
             Began as a Deep Elf Hedge Wizard on Nov 13, 2022.
             Killed from afar by an ice dragon (18 damage)
             ... with a blast of cold
             ... on level 9 of the Dungeon.
             The game lasted 00:22:41 (10819 turns).

pokeman the Thaumaturge (Deep Elf Hedge Wizard)    Turns: 10819, Time: 00:22:41

Health: -7/56      AC: 15    Str:  7    XL:     10   Next: 76%
Magic:  30/30      EV: 13    Int: 26    God:
Gold:   419        SH:  0    Dex: 14    Spells: 24/38 levels left

rFire   . . .      SeeInvis .    p - +12 hammer of Sharing Bloody Death {freeze, rN+ Int+2}
rCold   + . .      Faith    .    (no shield)
rNeg    + . .      Spirit   .    V - +0 steam dragon scales
rPois   .          Reflect  .    v - +2 helmet
rElec   +          Harm     .    q - +0 cloak
rCorr   +          Rampage  .    k - +0 pair of gloves
Will    +....                    (no boots)
Stlth   ++........               (no amulet)
HPRegen 0.29/turn                J - ring of the Curious Defenders {rElec rC+ rCorr}
MPRegen 0.22/turn                N - +4 ring of protection

@: no status effects
A: no striking features
a: no special abilities


You were on level 9 of the Dungeon.
You visited 1 branch of the dungeon, and saw 9 of its levels.

You collected 419 gold pieces.

Inventory:

Hand Weapons
 a - a +2 quarterstaff of chaos
 p - the +12 hammer of Sharing Bloody Death (weapon) {freeze, rN+ Int+2}
   (You found it on level 2 of the Dungeon)

   It freezes those it strikes, dealing additional cold damage.
   It can also slow down cold-blooded creatures.
   Int:       It affects your intelligence (+2).
   rN:        It protects you from negative energy.
 r - the +8 hammer of Big Damage {vamp, rElec rN+}
   (You found it on level 2 of the Dungeon)

   It occasionally heals its wielder for a portion of the damage dealt when it
   wounds a living foe.
   rElec:     It insulates you from electricity.
   rN:        It protects you from negative energy.
 s - the +9 hammer of Vajujoq {freeze, rCorr Dex+4}
   (You found it on level 2 of the Dungeon)

   It freezes those it strikes, dealing additional cold damage.
   It can also slow down cold-blooded creatures.
   Dex:       It affects your dexterity (+4).
   rCorr:     It protects you from acid and corrosion.
 Q - a +2 whip of pain
Missiles
 M - 2 throwing nets
Armour
 k - a +0 pair of gloves (worn)
 q - a +0 cloak (worn)
 v - a +2 helmet (worn)
 B - the +1 leather armour of Cagoac {Str+7}
   (You found it on level 4 of the Dungeon)

   Str:       It affects your strength (+7).
 L - a +0 buckler
 U - +0 acid dragon scales
 V - +0 steam dragon scales (worn)
Magical Staves
 O - a staff of cold
Jewellery
 n - an amulet of faith
 J - the ring of the Curious Defenders (left hand) {rElec rC+ rCorr}
   (You found it on level 5 of the Dungeon)

   [ring of resist corrosion]

   rC:        It protects you from cold.
   rElec:     It insulates you from electricity.
   rCorr:     It protects you from acid and corrosion.
 N - a +4 ring of protection (right hand)
 S - a ring of willpower
 T - a ring of fire
Wands
 f - a wand of flame (19)
 z - a wand of polymorph (3)
Scrolls
 b - a scroll of amnesia {unknown}
 e - 4 scrolls of teleportation {unknown}
 g - a scroll of brand weapon {unknown}
 i - 2 scrolls of summoning {unknown}
 j - 2 scrolls of immolation {unknown}
 l - 2 scrolls of blinking {unknown}
 o - a scroll of silence {unknown}
 t - 4 scrolls of identify {unknown}
 u - 2 scrolls of noise {unknown}
 w - 2 scrolls of vulnerability {unknown}
 x - a scroll of fog {unknown}
 y - 3 scrolls of enchant weapon {unknown}
 D - a scroll of magic mapping {unknown}
 K - 2 scrolls of poison {unknown}
Potions
 c - 3 potions of brilliance
 d - a potion of magic
 h - 5 potions of curing
 m - a potion of berserk rage
 A - 2 potions of invisibility {unknown}
 C - 3 potions of flight {unknown}
 E - a potion of haste {unknown}
 F - 3 potions of degeneration {unknown}
 G - 2 potions of ambrosia {unknown}
 H - 2 potions of resistance {unknown}
 P - 2 potions of attraction {unknown}
 R - 2 potions of might {unknown}


   Skills:
 - Level 3.1 Fighting
 - Level 3.1 Armour
 - Level 3.0 Dodging
 - Level 3.1 Stealth
 + Level 3.7 Shields
 * Level 14.6 Spellcasting
 + Level 8.5 Conjurations
 - Level 1.1 Summonings
 - Level 1.0 Necromancy
 - Level 1.1 Translocations
 + Level 5.0 Fire Magic
 - Level 1.0 Ice Magic
 - Level 1.0 Air Magic
 - Level 1.2 Poison Magic
 - Level 2.1 Evocations


You had 24 spell levels left.
You knew the following spells:

 Your Spells              Type           Power      Damage    Failure   Level
a - Magic Dart            Conj           100%       1d8       1%          1
b - Mephitic Cloud        Conj/Pois/Air  37%        N/A       1%          3
c - Call Imp              Summ           24%        N/A       2%          2
d - Blink                 Tloc           48%        N/A       2%          2
e - Starburst             Conj/Fire      26%        6d8       26%         6

Your spell library contained the following spells:

 Spells                   Type           Power      Damage    Failure   Level
 Apportation              Tloc           48%        N/A       1%          1
 Kiss of Death            Conj/Necr      100%       2d13      1%          1
 Necrotise                Necr           96%        1d8       1%          1
 Summon Small Mammal      Summ           96%        N/A       1%          1
 Dazzling Flash           Conj/Hex       82%        N/A       1%          3
 Cigotuvi's Dreadful Rot  Necr/Pois/Air  48%        N/A       2%          2
 Poisonous Vapours        Pois/Air       48%        N/A       2%          2
 Slow                     Hex            76%        N/A       3%          1
 Iskenderun's Mystic Bla  Conj/Tloc      44%        2d10      4%          4
 Call Canine Familiar     Summ           24%        N/A       5%          3
 Vampiric Draining        Necr           24%        2d7       5%          3
 Summon Guardian Golem    Hex/Summ       21%        N/A       7%          3
 Confusing Touch          Hex            19%        N/A       9%          3
 Dispel Undead            Necr           24%        3d12      19%         4
 Agony                    Necr           24%        N/A       45%         5
 Conjure Ball Lightning   Conj/Air       21%        3x3d6     52%         6
 Borgnjor's Revivificati  Necr           12%        N/A       100%        8
 Discord                  Hex            9%         N/A       100%        8
 Disjunction              Tloc           12%        N/A       100%        8


Dungeon Overview and Level Annotations

Branches:
Dungeon (9/15)             Temple (0/1) D:4
   Lair: D:8-11         Orc: D:9-12

Altars:
Ashenzari
Elyvilon
Fedhas
Nemelex Xobeh
Trog
Yredelemnul
Zin
The Shining One

Shops:
D:8 *

Annotations:
D:8 1 runed translucent door


Message History

Unknown command.
Aiming: Corrosive Bolt
Press: ? - help, Shift-Dir - straight line, f/p - ice dragon
Aim: an ice dragon (moderately wounded, covered in acid, 79% to hit)
The bolt of acid hits the ice dragon.
The ice dragon seems to be corroded for longer.
The ice dragon is moderately wounded.
Aiming: Corrosive Bolt
Press: ? - help, Shift-Dir - straight line, f/p - ice dragon
Aim: an ice dragon (moderately wounded, covered in acid, 79% to hit)
The bolt of acid hits the ice dragon!
The ice dragon seems to be corroded for longer.
The ice dragon is heavily wounded.
The now-empty wand crumbles to dust.
You hit the ice dragon.
The ice dragon is heavily wounded.
You feel stable enough to blink again. The ice dragon bites you!
The ice dragon misses you. The ice dragon closely misses you.
Unknown command.
You sock the ice dragon! You freeze the ice dragon.
The ice dragon is severely wounded.
The ice dragon breathes frost at you. The blast of cold hits you! You resist.
The ice dragon bites you!
* * * LOW HITPOINT WARNING * * *
The ice dragon completely misses you.
The ice dragon tramples you but does no damage.
The ice dragon attacks as you move away!
The ice dragon closely misses you.
The ice dragon claws you but does no damage.
The ice dragon barely misses you. The ice dragon breathes frost at you.
The blast of cold hits you. You resist.
* * * LOW HITPOINT WARNING * * *
You see here a steam dragon corpse.
The ice dragon breathes frost at you. The blast of cold misses you.
The ice dragon breathes frost at you. The blast of cold hits you!! You resist.
You die...

... #.. ##..### ...#
#.# #..# #...####.#
#..## #...(.##.###
##...## #......#...#
##.....## #..........#
##.......#
#..........#
##.........
...#......#
##..........
#....@.####...........
#D#####..............#
#.#####............###
#....##............# #
####D##...........## #
##†##...........# ####
#..##..###.....##
..[## ######.###.##
#.....#
....#####......# ###
##....#


You could see an ice dragon (catching breath, corroded).

Vanquished Creatures
  A two-headed ogre (D:7)
  Pikel (D:6)
  A cyclops (D:7)
  Maggie (D:9)
  A merfolk (D:9)
  A slime creature (D:7)
  A wraith (D:7)
  2 wyverns
  A vampire (D:9)
  Grum (D:8)
  A vampire mosquito (D:7)
  2 steam dragons
  A black bear (D:6)
  An orc warrior (D:6)
  2 ice beasts
  3 wolves (D:8)
  2 centaurs
  3 lemures (D:6)
  The ghost of Bediveer the Gusty, an amateur TeAE (D:3)
  4 bullfrogs
  A necrophage (D:7)
  2 scorpions
  8 wights (D:7)
  8 killer bees (D:8)
  2 electric eels (D:6)
  6 howler monkeys (D:8)
  Crazy Yiuf (D:2)
  5 hounds
  3 jellies
  5 gnoll boudas
  Jessica (D:2)
  Terence (D:3)
  4 orc wizards
  Natasha (thrice) (D:2)
  5 iguanas
  Robin (D:3)
  8 adders
  22 gnolls
  A shadow imp (D:6)
  A worm (D:2)
  4 dart slugs
  12 orcs
  8 endoplasms
  4 giant cockroaches
  16 goblins
  10 hobgoblins
  5 jackals
  2 quokkas
  4 ball pythons
  6 bats
  2 frilled lizards
  12 kobolds
  4 rats
208 creatures vanquished.

Vanquished Creatures (collateral kills)
  An adder (D:3)
1 creature vanquished.

Grand Total: 209 creatures vanquished

Notes
Turn   | Place    | Note
-------+----------+-------------------------------------------
     0 | D:1      | pokeman the Deep Elf Hedge Wizard began the quest for the
                  | Orb.
     0 | D:1      | Reached XP level 1. HP: 10/10 MP: 7/7
   188 | D:1      | Reached XP level 2. HP: 15/15 MP: 0/9
   899 | D:1      | Reached skill level 5 in Spellcasting
  1059 | D:1      | Reached XP level 3. HP: 20/20 MP: 5/11
  1063 | D:1      | Learned a level 3 spell: Mephitic Cloud
  1066 | D:1      | Learned a level 2 spell: Call Imp
  1069 | D:1      | Learned a level 2 spell: Blink
  1654 | D:2      | Reached skill level 1 in Armour
  1749 | D:2      | Noticed Natasha
  1758 | D:2      | Killed Natasha
  1759 | D:2      | Reached skill level 1 in Fighting
  1759 | D:2      | Reached XP level 4. HP: 24/25 MP: 7/13
  1914 | D:2      | Noticed Natasha
  1924 | D:2      | Killed Natasha
  1956 | D:2      | Noticed Natasha
  1962 | D:2      | Killed Natasha
  2010 | D:2      | Reached skill level 6 in Spellcasting
  2010 | D:2      | Reached XP level 5. HP: 29/29 MP: 6/15
  2094 | D:2      | Noticed Jessica
  2100 | D:2      | Killed Jessica
  2548 | D:2      | Identified the +12 hammer of Sharing Bloody Death {freeze,
                  | rN+ Int+2}
  2552 | D:2      | Found a runed translucent door.
  2553 | D:2      | Noticed Crazy Yiuf
  2567 | D:2      | Killed Crazy Yiuf
  2568 | D:2      | Reached skill level 1 in Evocations
  2580 | D:2      | Identified the +9 hammer of Vajujoq {freeze, rCorr Dex+4}
  2581 | D:2      | Identified the +8 hammer of Big Damage {vamp, rElec rN+}
  2956 | D:3      | Noticed Terence
  2968 | D:3      | Killed Terence
  3086 | D:3      | Reached skill level 1 in Air Magic
  3086 | D:3      | Reached XP level 6. HP: 26/34 MP: 3/17
  3220 | D:3      | Found a blossoming altar of Fedhas.
  3256 | D:3      | Noticed Robin
  3262 | D:3      | Killed Robin
  3790 | D:3      | Reached skill level 7 in Spellcasting
  3867 | D:3      | Found a runed translucent door.
  3879 | D:3      | Noticed Bediveer's ghost (amateur TeAE)
  4248 | D:3      | Found a white marble altar of Elyvilon.
  4432 | D:3      | Killed Bediveer's ghost
  4433 | D:3      | Reached skill level 1 in Poison Magic
  4510 | D:4      | Found a bloodstained altar of Trog.
  4876 | D:4      | Found a glowing golden altar of the Shining One.
  4908 | D:4      | Identified the +1 leather armour of Cagoac {Str+7}
  4921 | D:4      | Found a staircase to the Ecumenical Temple.
  4970 | D:4      | Reached XP level 7. HP: 34/38 MP: 10/20
  5092 | D:4      | Found a sparkling altar of Nemelex Xobeh.
  5363 | D:5      | Entered Level 5 of the Dungeon
  5792 | D:5      | Reached skill level 8 in Spellcasting
  5903 | D:5      | Identified the ring of the Curious Defenders {rElec rC+
                  | rCorr}
  6254 | D:6      | Noticed a skeletal warrior
  6256 | D:6      | Reached skill level 9 in Spellcasting
  6263 | D:6      | Reached XP level 8. HP: 36/44 MP: 5/23
  6564 | D:6      | Reached skill level 5 in Conjurations
  6739 | D:6      | Noticed Pikel
  6766 | D:6      | Killed Pikel
  6767 | D:6      | Reached skill level 10 in Spellcasting
  6782 | D:6      | Reached skill level 11 in Spellcasting
  7041 | D:6      | Reached XP level 9. HP: 49/49 MP: 20/26
  7620 | D:7      | Reached skill level 12 in Spellcasting
  7790 | D:7      | Learned a level 6 spell: Starburst
  8074 | D:7      | Reached skill level 1 in Fire Magic
  8191 | D:7      | Reached skill level 1 in Shields
  8560 | D:7      | Noticed a two-headed ogre
  8561 | D:7      | Reached skill level 13 in Spellcasting
  8567 | D:7      | Noticed a cyclops
  8575 | D:7      | Killed a two-headed ogre
  8576 | D:7      | Reached XP level 10. HP: 32/56 MP: 16/29
  8581 | D:7      | Killed a cyclops
  8669 | D:7      | Got Sif Muna's Guidebook on the Grave and Blight
  9200 | D:8      | Found a runed translucent door.
  9209 | D:8      | Found a basalt altar of Yredelemnul.
  9258 | D:8      | Noticed Grum
  9267 | D:8      | Reached skill level 1 in Ice Magic
  9480 | D:8      | Killed Grum
  9488 | D:8      | Reached skill level 14 in Spellcasting
  9825 | D:8      | Found a broken altar of Ashenzari.
  9830 | D:8      | Saw a vision of the Swamp and the Spider Nest.
  9830 | D:8      | Noticed a pharaoh ant
  9830 | D:8      | Noticed an entropy weaver
  9830 | D:8      | Noticed a radroach
  9830 | D:8      | Noticed a pharaoh ant
  9830 | D:8      | Noticed a torpor snail
  9830 | D:8      | Noticed a moth of wrath
  9830 | D:8      | Noticed a torpor snail
  9832 | D:8      | Noticed a steelbarb worm
  9832 | D:8      | Noticed a steelbarb worm
  9832 | D:8      | Noticed a pharaoh ant
  9832 | D:8      | Noticed a will-o-the-wisp
  9832 | D:8      | Noticed a bog body
  9834 | D:8      | Noticed a wolf spider
  9889 | D:8      | Found Zin's Purification Station.
  9894 | D:8      | Found a glowing silver altar of Zin.
 10177 | D:9      | Noticed Maggie
 10193 | D:9      | Killed Maggie
 10194 | D:9      | Reached skill level 1 in Necromancy
 10756 | D:9      | Reached skill level 5 in Fire Magic
 10785 | D:9      | Noticed an ice dragon
 10819 | D:9      | Killed from afar by an ice dragon

Illustrated notes

Levels and vault maps discovered:
D:1:      wander_arrival_chamber, layout_loops_corners, nrook_loot_triangle
D:2:      layout_loops_ring, minmay_pentomino_z4, uniq_jessica, uniq_natasha,
          uniq_crazy_yiuf_cottage
D:3:      layout_basic, nicolae_overflow_hidden_temple, ebering_ghost_sewer_d,
          minmay_circle_x, uniq_robin, uniq_terence
D:4:      layout_basic, tso_metal_star, kennysheep_little_box,
          mainiacjoe_overflow_small_starburst, minmay_temple_entry_antechambers
D:5:      layout_loops_ring
D:6:      minmay_cornered_nines, layout_loops_ring, water_maze_lemuel,
          uniq_pikel
D:7:      minmay_blocky_corners, layout_basic, minmay_misc_feat_rows
D:8:      layout_rooms, dk_yredelemnul_ordeal, grunt_ashenzari_visionary
          [grunt_ashenzari_visionary_swamp, grunt_ashenzari_visionary_spider],
          zin_purify, uniq_grum
D:9:      dragon1_lemuel, layout_layer_cave, mainiacjoe_overflow_alcove_2,
          hangedman_fish_farm, uniq_maggie, uniq_amaemon, uniq_erolcha

Skill      XL: |  1  2  3  4  5  6  7  8  9 10 |
---------------+-------------------------------+-----
Spellcasting   | 5 6 7 9 11 13 14 | 14.6
Armour         | 1 3 |  3.1
Fighting       | 1 2 3 |  3.1
Conjurations   | 2 3 4 6 7 8 |  8.5
Dodging        | 3 |  3.0
Stealth        | 3 |  3.1
Evocations     | 1 2 |  2.1
Air Magic      | 1 |  1.0
Poison Magic   | 1 |  1.2
Fire Magic     | 3 5 |  5.0
Shields        | 2 3 |  3.7
Ice Magic      | 1 |  1.0
Necromancy     | 1 |  1.0
Summonings     | |  1.1
Translocations | |  1.1

Action                   |  1- 3 |  4- 6 |  7- 9 | 10-12 || total
-------------------------+-------+-------+-------+-------++-------
Melee: Dagger            |    13 |     1 |       |       ||    14
       Mace              |       |    23 |    98 |    58 ||   179
       Punch             |       |       |     1 |       ||     1
 Cast: Magic Dart        |    80 |   173 |   182 |    74 ||   509
       Mephitic Cloud    |     1 |     6 |    23 |    17 ||    47
       Call Imp          |       |     2 |     4 |       ||     6
       Blink             |       |       |     1 |     3 ||     4
Evoke: Wand              |       |       |     5 |    10 ||    15
 Stab: Confused          |     1 |     3 |     6 |     4 ||    14
       Sleeping          |       |     1 |     1 |       ||     2
Armor: Robe              |     3 |     2 |       |       ||     5
       Leather armour    |       |     7 |    37 |    37 ||    81
       Steam dragon scal |       |       |       |     2 ||     2
Dodge: Dodged            |    19 |    35 |    75 |    68 ||   197

Table legend: (Time is in decaauts)
 A = Elapsed time spent in this place.
 B = Non-inter-level travel time spent in this place.
 C = Inter-level travel time spent in this place.
 D = Time resting spent in this place.
 E = Time spent auto-exploring this place.
 F = Levels seen in this place.
 G = Mean time per level.
                   A        B        C        D        E       F      G
               +--------+--------+--------+--------+--------+-----+--------+
         Total |  10893 |  10585 |    308 |    695 |   8359 |   9 | 1210.3 |
       Dungeon |  10893 |  10585 |    308 |    695 |   8359 |   9 | 1210.3 |
               +--------+--------+--------+--------+--------+-----+--------+

Top non-repeatable levels by time:
     D:7: 1944 daAuts
     D:1: 1648 daAuts
     D:3: 1546 daAuts
     D:2: 1278 daAuts
     D:6: 1245 daAuts
     D:4: 903 daAuts
     D:5: 854 daAuts
     D:8: 765 daAuts
     D:9: 706 daAuts
